[Event "ICC tourney 2782 (30 10)"]
[Site "Internet Chess Club"]
[Date "2022.01.02"]
[Round "1"]
[White "HELLER, JACK G:Maximusiv"]
[Black "HIBBS, ROBERT:BotanicalKnight"]
[Result "0-1"]
[ICCResult "White resigns"]
[WhiteElo "873"]
[BlackElo "1398"]
[Opening "Caro-Kann: Steinitz variation"]
[ECO "B17"]
[NIC "CK.08"]
[Time "12:00:19"]
[PlyCount "24"]
[TimeControl "1800+10"]

1. e4 c6 2. d4 d5 3. Nc3 dxe4 4. Nxe4 Nd7 5. Nf3 Ngf6 6. Ng3 Nb6 7. Bg5 Bg4
8. Be2 e6 9. Qd2 Be7 10. h3 Bxf3 11. Bxf3 Nfd5 12. O-O-O Bxg5 {White
resigns} 0-1

[Event "ICC tourney 2782 (30 10)"]
[Site "Internet Chess Club"]
[Date "2022.01.02"]
[Round "1"]
[White "WEYMAN, GRANT A:grantwey"]
[Black "HAO, RYAN:Ryan334"]
[Result "0-1"]
[ICCResult "White checkmated"]
[WhiteElo "1144"]
[BlackElo "679"]
[Opening "Giuoco Piano"]
[ECO "C54"]
[NIC "IG.02"]
[Time "12:00:15"]
[PlyCount "102"]
[TimeControl "1800+10"]

1. e4 e5 2. Nf3 Nc6 3. Bc4 Bc5 4. c3 Nf6 5. d4 exd4 6. cxd4 Bb4+ 7. Bd2 Nxe4
8. Bxb4 Nxb4 9. Bxf7+ Kxf7 10. Qb3+ Ke8 11. Qxb4 Qe7 12. Qxe7+ Kxe7 13. O-O
Re8 14. Re1 Kf8 15. Nc3 Nxc3 16. Rxe8+ Kxe8 17. bxc3 Kf8 18. Re1 d6 19. Ng5
Bf5 20. h3 h6 21. Ne6+ Bxe6 22. Rxe6 Kf7 23. Re3 Re8 24. Kf1 Rxe3 25. fxe3
Ke6 26. Kf2 Kd5 27. Ke2 Kc4 28. Kd2 d5 29. g4 g5 30. Kc2 b5 31. a3 a5 32.
Kd2 Kb3 33. Kd3 Kxa3 34. e4 dxe4+ 35. Kxe4 Kb3 36. Kf5 a4 37. Kg6 a3 38.
Kxh6 a2 39. Kxg5 a1=Q 40. h4 Qc1+ 41. Kf5 Qf1+ 42. Kg5 Qc4 43. h5 Qg8+ 44.
Kh4 Kxc3 45. g5 b4 46. h6 b3 47. Kh5 b2 48. g6 b1=Q 49. g7 Qh1+ 50. Kg6 Qe6+
51. Kh7 Qhxh6# {White checkmated} 0-1

[Event "ICC tourney 2782 (30 10)"]
[Site "Internet Chess Club"]
[Date "2022.01.02"]
[Round "1"]
[White "SCHEFF, HOLDEN:K05-30152348"]
[Black "HECHT, HENRY:Henhec1001"]
[Result "0-1"]
[ICCResult "White checkmated"]
[WhiteElo "282"]
[BlackElo "988"]
[Opening "Sicilian defense"]
[ECO "B20"]
[NIC "SI.48"]
[Time "12:02:45"]
[PlyCount "84"]
[TimeControl "1800+10"]

1. e4 c5 2. Bc4 e6 3. Nf3 d5 4. exd5 exd5 5. Bb5+ Nc6 6. Bxc6+ bxc6 7. d3
Nf6 8. Bf4 Bd6 9. Bxd6 Qxd6 10. Nc3 O-O 11. O-O d4 12. Ne4 Nxe4 13. dxe4 Re8
14. Re1 h6 15. c3 Bg4 16. h3 Bxf3 17. Qxf3 Rab8 18. Qg3 Qxg3 19. fxg3 Rxb2
20. Reb1 dxc3 21. a4 Reb8 22. Rxb2 cxb2 23. Rb1 c4 24. Kf2 c3 25. Ke2 c2 26.
Rxb2 Rxb2 27. Kd2 Ra2 28. Kc1 Rxa4 29. Kb2 Ra2+ 30. Kc1 a5 31. g4 Ra1+ 32.
Kxc2 Rg1 33. Kb3 Rxg2 34. Ka4 Rb2 35. Kxa5 c5 36. Ka4 c4 37. Ka3 Rb8 38. Ka4
c3 39. Ka5 c2 40. Ka6 c1=Q 41. Ka7 Rb2 42. Ka6 Qa1# {White checkmated} 0-1

[Event "ICC tourney 2782 (30 10)"]
[Site "Internet Chess Club"]
[Date "2022.01.02"]
[Round "1"]
[White "SHANKAR, NEAL:NealShankar4"]
[Black "QIAO, RICHARDSON JINGSI:Richardsonqiao"]
[Result "1-0"]
[ICCResult "Black checkmated"]
[WhiteElo "1031"]
[BlackElo "495"]
[Opening "Scotch gambit"]
[ECO "C44"]
[NIC "SO.06"]
[Time "12:01:05"]
[PlyCount "47"]
[TimeControl "1800+10"]

1. e4 e5 2. Nf3 Nc6 3. d4 exd4 4. Bc4 Bc5 5. c3 Nf6 6. e5 Qe7 7. O-O Ng8 8.
Bg5 f6 9. exf6 Qf8 10. f7+ Qxf7 11. Bxf7+ Kxf7 12. cxd4 Bb6 13. Re1 Nf6 14.
Ne5+ Nxe5 15. dxe5 Ne8 16. Qd5+ Kg6 17. Be7 c6 18. Qe4+ Kf7 19. Ba3 Bc7 20.
Qf5+ Nf6 21. exf6 gxf6 22. Qh5+ Kg7 23. Re7+ Kg8 24. Qf7# {Black checkmated}
1-0

[Event "ICC tourney 2782 (30 10)"]
[Site "Internet Chess Club"]
[Date "2022.01.02"]
[Round "1"]
[White "KUMBHARATHI, VEDANSH:vedansh98"]
[Black "Bi, Lige:Bilige1103"]
[Result "0-1"]
[ICCResult "White checkmated"]
[WhiteElo "730"]
[BlackElo "1222"]
[Opening "Sicilian"]
[ECO "B56"]
[NIC "SI.25"]
[Time "12:00:20"]
[PlyCount "70"]
[TimeControl "1800+10"]

1. e4 c5 2. Nf3 d6 3. Nc3 Nc6 4. d4 cxd4 5. Nxd4 Nf6 6. Nxc6 bxc6 7. Be3 g6
8. Bd3 Bg7 9. Qd2 Ng4 10. O-O Nxe3 11. fxe3 O-O 12. Rad1 Qb6 13. b3 Be6 14.
Na4 Qb7 15. c4 c5 16. Nc3 Bd7 17. Nd5 Bc6 18. Qb2 Bxb2 19. Rf4 Be5 20. Rh4
Bxd5 21. exd5 Qa6 22. Rd2 Qa5 23. Rc2 Qe1+ 24. Bf1 Qxe3+ 25. Kh1 Qe1 26. Kg1
Bd4+ 27. Rxd4 cxd4 28. Re2 Qb4 29. Rf2 e6 30. dxe6 fxe6 31. Re2 Rf6 32. g3
Raf8 33. Bg2 Qc3 34. Be4 Qc1+ 35. Kg2 Qf1# {White checkmated} 0-1

[Event "ICC tourney 2782 (30 10)"]
[Site "Internet Chess Club"]
[Date "2022.01.02"]
[Round "1"]
[White "LAVALLEE, MOLLY:mollysun323"]
[Black "Kale, Shubham:shubham07"]
[Result "0-1"]
[ICCResult "White resigns"]
[WhiteElo "826"]
[BlackElo "1333"]
[Opening "Robatsch (modern) defense"]
[ECO "B06"]
[NIC "KF.05"]
[Time "12:00:46"]
[PlyCount "56"]
[TimeControl "1800+10"]

1. e4 g6 2. d4 Bg7 3. e5 d6 4. Nf3 dxe5 5. Be3 Bg4 6. Be2 exd4 7. Nxd4 Bxe2
8. Qxe2 Bxd4 9. Qd2 Bxb2 10. Qxd8+ Kxd8 11. Bd4 Bxd4 12. c3 Bg7 13. O-O e6
14. Rd1+ Ke7 15. Na3 Nc6 16. Rac1 a6 17. Nc4 b5 18. Ne3 Nf6 19. a3 Rhd8 20.
Re1 Nd5 21. Ng4 Bxc3 22. Nh6 Bxe1 23. Rxe1 Nd4 24. h4 c5 25. Rd1 Nb3 26. Re1
c4 27. Nf5+ gxf5 28. g3 c3 {White resigns} 0-1

[Event "ICC tourney 2782 (30 10)"]
[Site "Internet Chess Club"]
[Date "2022.01.02"]
[Round "1"]
[White "HAMLETT, JAMES MORRISON:Hamlett144"]
[Black "SHI, WARREN:warren200"]
[Result "0-1"]
[ICCResult "White resigns"]
[WhiteElo "1276"]
[BlackElo "822"]
[Opening "King's pawn game"]
[ECO "C50"]
[NIC "IG.03"]
[Time "12:00:35"]
[PlyCount "66"]
[TimeControl "1800+10"]

1. e4 e5 2. Nf3 Nc6 3. Bc4 h6 4. O-O Nf6 5. d3 Bc5 6. Be3 Bxe3 7. fxe3 O-O
8. Nbd2 d6 9. Qe1 Bd7 10. d4 Qe7 11. dxe5 Nxe5 12. Nxe5 dxe5 13. Nf3 Nxe4
14. Rd1 Bc6 15. Bd3 Nf6 16. Nh4 Qe6 17. a3 Rad8 18. Bf5 Qe7 19. e4 Rxd1 20.
Qxd1 Bxe4 21. Bxe4 Nxe4 22. Qe1 Nd2 23. Qxd2 Qxh4 24. Qd7 Qd4+ 25. Qxd4 exd4
26. Rd1 c5 27. b4 b6 28. Kf2 Re8 29. Kf3 g5 30. g4 Kg7 31. h3 Re3+ 32. Kg2
Rxa3 33. bxc5 bxc5 {White resigns} 0-1

[Event "ICC tourney 2782 (30 10)"]
[Site "Internet Chess Club"]
[Date "2022.01.02"]
[Round "1"]
[White "WUDALI, PRANAV AVYAI:Pwudali"]
[Black "BAPURAM, ATHARV:AtharvRB"]
[Result "0-1"]
[ICCResult "White checkmated"]
[WhiteElo "492"]
[BlackElo "1016"]
[Opening "Sicilian"]
[ECO "B50"]
[NIC "SI.01"]
[Time "12:00:12"]
[PlyCount "46"]
[TimeControl "1800+10"]

1. e4 c5 2. Nf3 d6 3. Nc3 Nc6 4. Bc4 g6 5. O-O Bg7 6. d3 Nf6 7. Bf4 O-O 8.
Qd2 Bg4 9. Qe3 Nd4 10. Nxd4 cxd4 11. Qxd4 e5 12. Bxe5 dxe5 13. Qxe5 Nh5 14.
Qc5 Bd4 15. Qd5 Qf6 16. h3 Nf4 17. Qxb7 Qg5 18. hxg4 Qxg4 19. e5 Nh3+ 20.
Kh1 Nxf2+ 21. Rxf2 Qh4+ 22. Kg1 Qxf2+ 23. Kh1 Qh4# {White checkmated} 0-1

[Event "ICC tourney 2782 (30 10)"]
[Site "Internet Chess Club"]
[Date "2022.01.02"]
[Round "1"]
[White "LAVALLEE, ETHAN:FixedTooth"]
[Black "ZHENG, CARSON:Carsonultra22"]
[Result "0-1"]
[ICCResult "White checkmated"]
[WhiteElo "497"]
[BlackElo "1039"]
[Opening "Four knights: Italian variation"]
[ECO "C47"]
[NIC "KP.06"]
[Time "12:00:46"]
[PlyCount "82"]
[TimeControl "1800+10"]

1. e4 e5 2. Nf3 Nc6 3. Nc3 Nf6 4. Bc4 Nxe4 5. Nxe4 d5 6. Bd3 dxe4 7. Bxe4
Bc5 8. d3 Bg4 9. Be3 Bb6 10. Bxb6 axb6 11. h3 Bxf3 12. Qxf3 Nd4 13. Qd1 Rb8
14. O-O O-O 15. Qh5 f5 16. Bf3 Nxc2 17. Rac1 Nd4 18. Rfe1 Rf6 19. Qh4 Nxf3+
20. gxf3 Rg6+ 21. Kf1 Qxh4 22. Rxe5 Qxh3+ 23. Ke2 f4 24. Rxc7 Re6 25. Rxe6
Qxe6+ 26. Kd2 Qxa2 27. Kc2 Qa4+ 28. Kb1 Ra8 29. Kc1 Qa1+ 30. Kc2 Qf1 31. Rc4
Qxf2+ 32. Kc3 Ra5 33. Rc8+ Kf7 34. Rc7+ Ke6 35. Rxb7 Qc5+ 36. Kb3 Qd5+ 37.
Kc2 Qxb7 38. Kb1 Qxf3 39. Kc2 Rc5+ 40. Kb3 Qxd3+ 41. Ka2 Ra5# {White
checkmated} 0-1

[Event "ICC tourney 2782 (30 10)"]
[Site "Internet Chess Club"]
[Date "2022.01.02"]
[Round "1"]
[White "WAREKAR, AARNA:aarnawarekar"]
[Black "Vartak, Vivaan  Mahesh:Vivaan-Vartak"]
[Result "1-0"]
[ICCResult "Black checkmated"]
[WhiteElo "930"]
[BlackElo "203"]
[Opening "Queen's pawn, Mason variation"]
[ECO "D00"]
[NIC "QP.08"]
[Time "12:00:16"]
[PlyCount "69"]
[TimeControl "1800+10"]

1. d4 d5 2. Bf4 Nc6 3. Nf3 e6 4. e3 Nge7 5. c3 e5 6. Nxe5 Qd6 7. Nxf7 Qf6 8.
Nxh8 Bf5 9. Nd2 Ng6 10. Nxg6 Bxg6 11. Be2 Ne7 12. Rc1 c6 13. c4 c5 14. cxd5
Nxd5 15. Bg3 Nb4 16. dxc5 Bf5 17. O-O Qg6 18. Bh5 Kf7 19. Bxg6+ Bxg6 20.
Qb3+ Ke8 21. Qxb4 Rb8 22. Qb5+ Kf7 23. Qd7+ Kf6 24. Bxb8 Bf5 25. Qd4+ Kg6
26. Nf3 Kf7 27. e4 Be6 28. Ng5+ Ke7 29. Nxe6 Kxe6 30. Qe5+ Kd7 31. Rcd1+ Kc6
32. Qe8+ Kxc5 33. Qxf8+ Kb5 34. Rd5+ Kc4 35. Qc5# {Black checkmated} 1-0

[Event "ICC tourney 2782 (30 10)"]
[Site "Internet Chess Club"]
[Date "2022.01.02"]
[Round "1"]
[White "KONG, RYAN D:NeuralNetworkQS"]
[Black "DU, LEON:ldchessicc"]
[Result "1-0"]
[ICCResult "Black resigns"]
[WhiteElo "1013"]
[BlackElo "470"]
[Opening "Giuoco Pianissimo"]
[ECO "C50"]
[NIC "IG.02"]
[Time "12:00:16"]
[PlyCount "133"]
[TimeControl "1800+10"]

1. e4 e5 2. Nf3 Nc6 3. Bc4 Bc5 4. d3 h6 5. Nc3 d6 6. h3 Be6 7. Bb3 Nf6 8.
Be3 Nd4 9. Na4 Nxf3+ 10. Qxf3 Bxe3 11. fxe3 c6 12. O-O O-O 13. Nc3 b5 14.
Rad1 a5 15. a3 a4 16. Ba2 Bxa2 17. Nxa2 Qe7 18. Nc3 Rac8 19. d4 exd4 20.
exd4 c5 21. d5 b4 22. axb4 cxb4 23. Nb1 Qxe4 24. Qxe4 Nxe4 25. Rc1 Ng3 26.
Rfe1 Rfe8 27. Rxe8+ Rxe8 28. Kf2 Ne4+ 29. Kf3 Ng5+ 30. Kf2 Ne4+ 31. Kf3 Ng5+
32. Kf2 Re5 33. Rd1 f6 34. c3 Ne4+ 35. Kf3 bxc3 36. bxc3 Nc5 37. Na3 Rf5+
38. Ke3 Re5+ 39. Kf3 g6 40. Nc4 Rf5+ 41. Ke3 Nb7 42. g4 Rg5 43. Rg1 h5 44.
Kf4 hxg4 45. hxg4 Rxd5 46. Rb1 g5+ 47. Ke4 Rc5 48. Kd4 Rc7 49. Kd5 Rc5+ 50.
Kd4 Rc6 51. Rxb7 Ra6 52. Rb2 Kf7 53. Kd5 Ke7 54. Rb7+ Kd8 55. Na3 Kc8 56.
Rf7 Kd8 57. Rxf6 Ke7 58. Re6+ Kd7 59. Rg6 Ra5+ 60. Kc4 Rc5+ 61. Kb4 Kc6 62.
c4 Kd7 63. Kxa4 Re5 64. Kb4 Rc5 65. Nb5 Rc6 66. Rxg5 Ke6 67. Nd4+
{Black resigns}
1-0

[Event "ICC tourney 2782 (30 10)"]
[Site "Internet Chess Club"]
[Date "2022.01.02"]
[Round "1"]
[White "RAMANATHAN, VARUN:Grasshopper411"]
[Black "WEYMAN, JAMES G:jameswey"]
[Result "0-1"]
[ICCResult "White checkmated"]
[WhiteElo "1068"]
[BlackElo "497"]
[Opening "Vienna game"]
[ECO "C25"]
[NIC "VG.04"]
[Time "12:00:20"]
[PlyCount "64"]
[TimeControl "1800+10"]

1. e4 e5 2. Nc3 Bc5 3. Bc4 c6 4. d3 Nf6 5. f4 d6 6. Nf3 Bg4 7. h3 Bxf3 8.
Qxf3 Nbd7 9. f5 O-O 10. Bg5 h6 11. Bh4 b5 12. Bb3 a5 13. a3 b4 14. Na4 bxa3
15. bxa3 Bd4 16. c3 Bc5 17. Nxc5 Nxc5 18. Bc2 Qb8 19. Rb1 Qa7 20. Bxf6 gxf6
21. Qg4+ Kh7 22. Qh4 Nd7 23. Rg1 Qxg1+ 24. Kd2 Qxg2+ 25. Kc1 Qf1+ 26. Kd2
Qf3 27. Rb7 Rg8 28. Kc1 Rad8 29. a4 Rg2 30. c4 Qe2 31. Rb2 Rg1+ 32. Bd1
Qxd1# {White checkmated} 0-1

[Event "ICC tourney 2782 (30 10)"]
[Site "Internet Chess Club"]
[Date "2022.01.02"]
[Round "1"]
[White "BYSIEK, JULIANA RENEE:JulianaRenee"]
[Black "ARMBRUSTER, THOMAS E:TE47Armbruster"]
[Result "0-1"]
[ICCResult "White checkmated"]
[WhiteElo "790"]
[BlackElo "1248"]
[Opening "Petrov's defense"]
[ECO "C42"]
[NIC "RG.03"]
[Time "12:00:17"]
[PlyCount "74"]
[TimeControl "1800+10"]

1. e4 e5 2. Nf3 Nf6 3. Nxe5 d6 4. Nf3 Nxe4 5. Bc4 d5 6. Bb3 Bc5 7. d3 Nxf2
8. Qd2 Nxh1 9. Nc3 Qe7+ 10. Ne2 c6 11. d4 Bb6 12. Qd1 Bg4 13. Bg5 f6 14. Bh4
Bxf3 15. gxf3 g5 16. Bg3 Nxg3 17. hxg3 O-O 18. Qd3 Re8 19. c3 Qe3 20. Qc2
Nd7 21. c4 Bxd4 22. cxd5 Qf2+ 23. Kd1 Qf1+ 24. Kd2 Rxe2+ 25. Kd3 Qxf3+ 26.
Kxd4 Qg4+ 27. Kd3 Ne5+ 28. Kc3 Rxc2+ 29. Kxc2 cxd5 30. Bxd5+ Kf8 31. Rh1
Rc8+ 32. Kb3 h5 33. Bxb7 Rb8 34. Rg1 Rxb7+ 35. Ka3 Qf3+ 36. b3 Nc4+ 37. Ka4
Qc6# {White checkmated} 0-1

[Event "ICC tourney 2782 (30 10)"]
[Site "Internet Chess Club"]
[Date "2022.01.02"]
[Round "1"]
[White "WU, DARREN:chessboy111"]
[Black "SALIL, AARAV:Jaguarking"]
[Result "0-1"]
[ICCResult "White checkmated"]
[WhiteElo "724"]
[BlackElo "1214"]
[Opening "Scotch gambit"]
[ECO "C44"]
[NIC "SO.06"]
[Time "12:00:32"]
[PlyCount "112"]
[TimeControl "1800+10"]

1. e4 e5 2. Nf3 Nc6 3. d4 exd4 4. Bc4 d6 5. Nxd4 Bd7 6. O-O Qf6 7. Nxc6 Bxc6
8. Re1 O-O-O 9. Nc3 Qg6 10. Nd5 Nf6 11. Nxf6 Qxf6 12. c3 Qg6 13. Bf4 Bxe4
14. f3 Bc6 15. Bd3 f5 16. Bc4 d5 17. Bb3 Bc5+ 18. Be3 Bxe3+ 19. Rxe3 Rhe8
20. Qd2 Qh6 21. Rae1 Rxe3 22. Qxe3 Qxe3+ 23. Rxe3 Kd7 24. Re5 Rf8 25. Bxd5
Kd6 26. Re3 Bxd5 27. Rd3 Kc6 28. b3 b5 29. Kf2 Re8 30. Re3 Rxe3 31. Kxe3 Kc5
32. Kd3 g5 33. h3 g4 34. hxg4 fxg4 35. fxg4 Bxg2 36. Ke3 b4 37. c4 Bh3 38.
g5 Bf5 39. Kf4 Bb1 40. Ke3 Bxa2 41. Kd2 Bxb3 42. Kd3 Bxc4+ 43. Kc2 b3+ 44.
Kb2 Kb4 45. Kb1 a5 46. Ka1 a4 47. Kb1 a3 48. Kc1 Bd3 49. Kd2 Bg6 50. Kc1 b2+
51. Kd2 b1=Q 52. Ke3 Qd3+ 53. Kf2 a2 54. Kg2 a1=Q 55. Kf2 Qb2+ 56. Kg1 Qdb1#
{White checkmated}
0-1

[Event "ICC tourney 2782 (30 10)"]
[Site "Internet Chess Club"]
[Date "2022.01.02"]
[Round "1"]
[White "LIU, BRYAN:coolcoolsugar"]
[Black "Mukku, Vishnu:psuedonerd123"]
[Result "1-0"]
[ICCResult "Black resigns"]
[WhiteElo "1216"]
[BlackElo "725"]
[Opening "Caro-Kann: classical variation"]
[ECO "B18"]
[NIC "CK.10"]
[Time "12:00:28"]
[PlyCount "57"]
[TimeControl "1800+10"]

1. e4 c6 2. d4 d5 3. Nc3 dxe4 4. Nxe4 Bf5 5. Ng3 Bg6 6. Nf3 Nd7 7. Be3 e6 8.
Be2 h6 9. O-O Ngf6 10. Qd2 Be7 11. c4 O-O 12. Rac1 c5 13. d5 exd5 14. cxd5
Nb6 15. Bxc5 Bxc5 16. Rxc5 Nbxd5 17. Rd1 Nb6 18. Qf4 Qb8 19. Qh4 Rd8 20.
Rxd8+ Qxd8 21. Ne5 Bh7 22. Bc4 Nxc4 23. Qxc4 Qe8 24. Rc7 Qe6 25. Qxe6 fxe6
26. Rxb7 Ne4 27. Nh5 Nf6 28. Rxg7+ Kf8 29. Rf7+ {Black resigns} 1-0

[Event "ICC tourney 2782 (30 10)"]
[Site "Internet Chess Club"]
[Date "2022.01.02"]
[Round "1"]
[White "DING, OLIVIA:antpower0"]
[Black "RAVINUTALA, VIVEK:vivek2009"]
[Result "0-1"]
[ICCResult "White checkmated"]
[WhiteElo "645"]
[BlackElo "1126"]
[Opening "Queen's pawn: Charlick (Englund) gambit"]
[ECO "A40"]
[NIC "QO.17"]
[Time "12:00:11"]
[PlyCount "94"]
[TimeControl "1800+10"]

1. d4 e5 2. Nf3 Nc6 3. dxe5 Qe7 4. Bf4 Qb4+ 5. Bd2 Qxb2 6. Nc3 Nb4 7. Rc1
Nxa2 8. Nxa2 Qxa2 9. Ra1 Qd5 10. e3 Bc5 11. Bd3 f6 12. exf6 Nxf6 13. O-O d6
14. h3 g5 15. e4 Qc6 16. Nxg5 Rg8 17. Re1 h6 18. Nf3 Bxh3 19. g3 Ng4 20. Rb1
Bxf2+ 21. Kh1 O-O-O 22. Re2 Bxg3 23. Be3 Nxe3 24. Rxe3 Bf2 25. Nd4 Qe8 26.
Qf3 Bg2+ 27. Qxg2 Rxg2 28. Kxg2 Bxe3 29. Nf5 Qg6+ 30. Kf3 Bg5 31. Rg1 Rf8
32. Ke2 Qe6 33. Kf3 Kd7 34. Ke2 Rxf5 35. Kd1 Ra5 36. Ke2 d5 37. Kf3 Ra3 38.
Rd1 dxe4+ 39. Kf2 exd3 40. Rxd3+ Rxd3 41. cxd3 a5 42. Kf3 a4 43. Kf2 a3 44.
Kf3 a2 45. Kf2 a1=Q 46. Kf3 Qe3+ 47. Kg2 Qag1# {White checkmated} 0-1

[Event "ICC tourney 2782 (30 10)"]
[Site "Internet Chess Club"]
[Date "2022.01.02"]
[Round "1"]
[White "PADIYAR, SUNMAY:sunmay12"]
[Black "PRABHU, VARUN:varunprabhu"]
[Result "1-0"]
[ICCResult "Black checkmated"]
[WhiteElo "1369"]
[BlackElo "864"]
[Opening "Four knights: Scotch, 4...exd4"]
[ECO "C47"]
[NIC "KP.06"]
[Time "12:01:05"]
[PlyCount "43"]
[TimeControl "1800+10"]

1. e4 e5 2. Nf3 Nc6 3. Nc3 Nf6 4. d4 exd4 5. Nxd4 Bd6 6. Bc4 O-O 7. O-O h6
8. Re1 Re8 9. Kh1 Be5 10. Nf5 d6 11. Nd5 Bxf5 12. exf5 Nxd5 13. Qxd5 Qf6 14.
Bd2 Bxb2 15. Rab1 Rxe1+ 16. Rxe1 Be5 17. f4 Bc3 18. Bxc3 Qxc3 19. Qxf7+ Kh8
20. Re8+ Rxe8 21. Qxe8+ Kh7 22. Qg8# {Black checkmated} 1-0

[Event "ICC tourney 2782 (30 10)"]
[Site "Internet Chess Club"]
[Date "2022.01.02"]
[Round "1"]
[White "AKULA, MAHIT:Judtyr123"]
[Black "MADSEN, STUART:gmstuartscott"]
[Result "1-0"]
[ICCResult "Black checkmated"]
[WhiteElo "1193"]
[BlackElo "717"]
[Opening "Ponziani: Jaenisch counter-attack"]
[ECO "C44"]
[NIC "KP.05"]
[Time "12:00:24"]
[PlyCount "117"]
[TimeControl "1800+10"]

1. e4 e5 2. Nf3 Nc6 3. c3 Nf6 4. d4 Nxe4 5. d5 Ne7 6. Nxe5 Nd6 7. Bf4 f6 8.
Nc4 Ng6 9. Nxd6+ Bxd6 10. Bxd6 cxd6 11. Bd3 Qe7+ 12. Be2 Nf4 13. g3 Ng2+ 14.
Kf1 Qe4 15. Bf3 Qe1+ 16. Qxe1+ Nxe1 17. Kxe1 O-O 18. Kf1 b6 19. Kg2 Re8 20.
Nd2 f5 21. Nc4 Ba6 22. Nxd6 Rf8 23. Rhe1 f4 24. Re7 Rad8 25. Rae1 h6 26. Re8
Rdxe8 27. Rxe8 Rxe8 28. Nxe8 fxg3 29. hxg3 Bc4 30. b3 Bd3 31. Nd6 Bc2 32.
Nb5 a6 33. Nd4 Bb1 34. a3 g6 35. Kf1 Kf7 36. Ke2 Kf6 37. Ke3 Ke5 38. c4 Ba2
39. Be4 g5 40. Bf5 d6 41. Be6 h5 42. Bf7 h4 43. gxh4 gxh4 44. f4+ Kf6 45.
Be6 Bb1 46. Kf3 Bd3 47. Kg4 h3 48. Kxh3 Bf1+ 49. Kg3 Be2 50. Nxe2 a5 51. a4
Ke7 52. f5 Kf6 53. Kg4 Kg7 54. Kg5 Kf8 55. f6 Ke8 56. f7+ Kf8 57. Kf6 b5 58.
Nf4 bxc4 59. Ng6# {Black checkmated} 1-0

[Event "ICC tourney 2782 (30 10)"]
[Site "Internet Chess Club"]
[Date "2022.01.02"]
[Round "1"]
[White "Wadhwa, Tejas:WinPeps"]
[Black "BAREKET, NIMROD:nb12"]
[Result "0-1"]
[ICCResult "White checkmated"]
[WhiteElo "680"]
[BlackElo "1191"]
[Opening "Giuoco Pianissimo: Italian four knights variation"]
[ECO "C50"]
[NIC "IG.02"]
[Time "12:01:05"]
[PlyCount "114"]
[TimeControl "1800+10"]

1. e4 e5 2. Nf3 Nc6 3. Bc4 Bc5 4. Nc3 Nf6 5. d3 d6 6. Be3 Bb4 7. Qd2 Bg4 8.
a3 Bxf3 9. gxf3 Ba5 10. Bb5 O-O 11. Bxc6 bxc6 12. f4 Qe7 13. O-O-O d5 14.
exd5 cxd5 15. d4 exd4 16. Qxd4 Bb6 17. Nxd5 Nxd5 18. Qxd5 Bxe3+ 19. fxe3
Qxe3+ 20. Qd2 Rfe8 21. Qxe3 Rxe3 22. Rhe1 Rxe1 23. Rxe1 Kf8 24. Rd1 Ke7 25.
Rd5 c6 26. Rc5 Kd6 27. Rc4 c5 28. Kd2 a5 29. a4 Re8 30. b3 Kd5 31. h3 f5 32.
Kd3 Re1 33. Rc3 h6 34. Kd2 Re4 35. Rd3+ Rd4 36. Ke3 Rxd3+ 37. Kxd3 g5 38.
fxg5 hxg5 39. Ke3 g4 40. hxg4 fxg4 41. c4+ Ke5 42. Kf2 Kd4 43. b4 cxb4 44.
c5 Kxc5 45. Kg3 b3 46. Kxg4 b2 47. Kf5 b1=Q+ 48. Ke6 Qb4 49. Kd7 Qxa4+ 50.
Kc7 Qb4 51. Kd7 a4 52. Kc7 a3 53. Kd7 a2 54. Kc7 a1=Q 55. Kd7 Qa7+ 56. Ke6
Qe4+ 57. Kf6 Qae7# {White checkmated} 0-1

[Event "ICC tourney 2782 (30 10)"]
[Site "Internet Chess Club"]
[Date "2022.01.02"]
[Round "1"]
[White "SAUL, BRUCE H:Bdevil81"]
[Black "BYSIEK, SYLVIA GRACE:SylviaGrace"]
[Result "1-0"]
[ICCResult "Black checkmated"]
[WhiteElo "1223"]
[BlackElo "751"]
[Opening "Queen's pawn game, Chigorin variation"]
[ECO "D02"]
[NIC "QP.08"]
[Time "12:00:19"]
[PlyCount "105"]
[TimeControl "1800+10"]

1. d4 d5 2. Nf3 Nc6 3. g3 e6 4. Bg2 Nf6 5. O-O Bd6 6. c4 dxc4 7. Qa4 O-O 8.
Qxc4 e5 9. dxe5 Nxe5 10. Nxe5 Bxe5 11. Nc3 Be6 12. Qa4 Bxc3 13. bxc3 Bg4 14.
Re1 Re8 15. Be3 Rb8 16. Bxa7 Ra8 17. Bxb7 Rxa7 18. Qxa7 Bxe2 19. Qd4 Qe7 20.
Bf3 c5 21. Qd2 Qc7 22. Rxe2 Rd8 23. Qe3 h6 24. Rd2 Re8 25. Qd3 c4 26. Qd4
Rb8 27. Kg2 Qe7 28. a4 Qc7 29. a5 Rb5 30. Qd8+ Qxd8 31. Rxd8+ Kh7 32. a6 g5
33. a7 g4 34. Be2 Re5 35. Bxc4 Rc5 36. Bxf7 Rc7 37. a8=Q Rxf7 38. Ra7 Rxa7
39. Qxa7+ Kg6 40. Rd6 Kg5 41. Qc5+ Kg6 42. Rxf6+ Kxf6 43. Qd5 h5 44. c4 Ke7
45. c5 h4 46. gxh4 g3 47. hxg3 Kf6 48. c6 Kg6 49. c7 Kg7 50. c8=Q Kh6 51.
Qce6+ Kh7 52. Qdd7+ Kh8 53. Qee8# {Black checkmated} 1-0

[Event "ICC tourney 2782 (30 10)"]
[Site "Internet Chess Club"]
[Date "2022.01.02"]
[Round "1"]
[White "procopio, Patti:prostripe"]
[Black "Ai, Yiming:sailingdesign"]
[Result "1-0"]
[ICCResult "Black forfeits on time"]
[WhiteElo "1122"]
[BlackElo "639"]
[Opening "Queen's pawn, Mason variation"]
[ECO "D00"]
[NIC "QP.08"]
[Time "12:00:21"]
[PlyCount "79"]
[TimeControl "1800+10"]

1. d4 d5 2. Bf4 Bf5 3. Nf3 Nc6 4. c3 Nf6 5. Nbd2 e6 6. Nh4 Bd6 7. Bg3 O-O 8.
Nxf5 exf5 9. Qc2 Ne4 10. f3 Nxd2 11. Qxd2 Re8 12. Qd3 f4 13. Bf2 Be7 14. h4
Bd6 15. Qf5 Re6 16. Qxd5 Qf6 17. O-O-O Qg6 18. h5 Qf6 19. Bh4 Qh6 20. Bg5
Ne7 21. Qxb7 Rd8 22. Bxh6 Rxh6 23. Qxa7 Nc6 24. Qa6 Be7 25. Qb7 Rb8 26. Qxc7
Re6 27. Kc2 h6 28. Qxf4 Ra8 29. d5 Rf6 30. Qe4 Bd6 31. dxc6 Rc8 32. e3 Re6
33. Qd5 Be7 34. e4 Rd6 35. Qb5 Rxd1 36. Kxd1 Rd8+ 37. Kc2 Bg5 38. Bd3 Ra8
39. a3 Rd8 40. Qb7 {Black forfeits on time} 1-0

[Event "ICC tourney 2782 (30 10)"]
[Site "Internet Chess Club"]
[Date "2022.01.02"]
[Round "1"]
[White "YENIGALLA, MANAS:K06-30081118"]
[Black "AI, RUOMING:charmingraven"]
[Result "1-0"]
[ICCResult "Black checkmated"]
[WhiteElo "521"]
[BlackElo "1080"]
[Opening "Scotch gambit"]
[ECO "C44"]
[NIC "SO.06"]
[Time "12:00:18"]
[PlyCount "157"]
[TimeControl "1800+10"]

1. e4 e5 2. Nf3 Nc6 3. d4 exd4 4. Bc4 d6 5. c3 dxc3 6. Nxc3 Nf6 7. O-O Bg4
8. Be3 Be7 9. h3 Bh5 10. Re1 O-O 11. Be2 Re8 12. Nd2 Bxe2 13. Qxe2 d5 14.
exd5 Nxd5 15. Nxd5 Qxd5 16. Nf3 Qh5 17. Qc2 Bd6 18. Bd2 Bc5 19. Bc3 Rad8 20.
Rad1 h6 21. Rxe8+ Rxe8 22. Qd3 Bd6 23. a3 Re6 24. b4 a6 25. Bb2 Rg6 26. Kh1
Re6 27. Qc3 Rg6 28. Re1 Kf8 29. Re3 Ne7 30. Ne5 Rg5 31. Nf3 Rg6 32. Ne5 Bxe5
33. Qxe5 Qd1+ 34. Kh2 Qd7 35. Bd4 b6 36. Qe4 Qd6+ 37. g3 Ke8 38. Bb2 Re6 39.
Qa8+ Kd7 40. Rxe6 Qxe6 41. Bxg7 Qe2 42. Bd4 Qd3 43. Be3 Qxa3 44. Bxh6 Qxb4
45. Qxa6 c5 46. Qb7+ Ke6 47. Bf8 c4 48. Bxe7 Qxe7 49. Qxb6+ Qd6 50. Qe3+ Kd7
51. Qa7+ Ke8 52. Qa4+ Kf8 53. Qxc4 Qd2 54. Qf1 Qg5 55. Kg2 Kg7 56. Qd3 Qh5
57. Qd4+ Kh7 58. Qe4+ Kg7 59. Qg4+ Qxg4 60. hxg4 Kg6 61. Kf3 Kg5 62. Ke4
Kxg4 63. f4 f5+ 64. Ke5 Kh5 65. Kxf5 Kh6 66. Kf6 Kh7 67. Ke7 Kg7 68. f5 Kg8
69. f6 Kh7 70. f7 Kg6 71. f8=Q Kg5 72. Qf6+ Kh5 73. Qf7+ Kg5 74. Qf4+ Kg6
75. Ke6 Kg7 76. Qf5 Kh6 77. Qg4 Kh7 78. Kf7 Kh6 79. Qg6# {Black checkmated}
1-0